Map: Apotheosis LE

Players

Rakan - Winner!

  • Race: Terran Terran
  • League: Diamond

ELGOLDEN

  • Race: Protoss Protoss
  • League: Silver

VOD

https://www.youtube.com/channel/UCcSgNfDNxvyisU-eCj9xyNg/playlists

Description

Time

  • Played on: Aug. 14, 2016, 11:10 a.m.
  • Length: 6:33
Show
View Real Time Build Order
Export as new Build Order

Rakan Terran - Winner!

Build Orders: Reaper Expand 

Get SALT Encoding   

  12  0:00  SCV  
  13  0:13  SCV  
  14  0:17  Supply Depot  
  14  0:25  SCV  
  15  0:39  SCV  
  15  0:40  Barracks  
  16  0:44  Refinery  
  16  0:51  SCV  
  17  1:03  SCV  
  18  1:15  SCV  
  19  1:28  Orbital Command  
  19  1:29  Reaper  
  20  1:46  Command Center  
  20  1:57  Barracks  
  20  2:09  Refinery  
  20  2:10  Barracks Reactor  
  20  2:14  Supply Depot  
  21  2:15  SCV  
  21  2:27  SCV  
  22  2:32  Factory  
  22  2:47  SCV  
  22  2:50  Marine x2  
  25  2:53  Barracks Tech Lab  
  25  2:59  Orbital Command, SCV  
  26  3:07  Bunker  
  26  3:13  Stimpack  
  26  3:17  Marine  
  26  3:18  Marine  
  28  3:21  Marine  
  28  3:27  SCV x2  
  31  3:30  Widow Mine  
  33  3:37  Starport  
  33  3:43  SCV  
  35  3:48  SCV  
  35  3:50  Marine x2  
  35  3:51  Marine  
  35  3:55  SCV  
  39  3:57  Supply Depot  
  39  3:59  Widow Mine  
  39  4:00  SCV  
  42  4:07  SCV, Engineering Bay  
  43  4:13  Marine  
  43  4:14  Marine  
  43  4:15  Marine  
  46  4:20  Supply Depot  
  46  4:21  SCV  
  47  4:24  SCV  
  47  4:27  Refinery  
  47  4:30  Marine  
  49  4:32  Medivac, Marine  
  49  4:36  SCV x2  
  54  4:43  Marine  
  54  4:48  Missile Turret, Marine  
  54  4:50  Marine  
  54  4:51  Widow Mine  
  58  4:57  SCV  
  59  5:01  Marine  
  59  5:03  Supply Depot  
  59  5:06  Missile Turret, Marine  
  61  5:08  Marine  
  61  5:11  Missile Turret  
  61  5:14  Liberator  
  62  5:24  Marine x2  
  62  5:25  SCV  
  62  5:26  Marine  
  66  5:29  SCV  
  66  5:30  Factory Reactor  
  70  5:36  Barracks  
  70  5:43  Supply Depot  
  70  5:45  Supply Depot  
  70  5:52  Barracks  
  70  6:04  SCV x2, Marine x3  
  75  6:16  SCV x2  
Show
View Real Time Build Order
Export as new Build Order

ELGOLDEN Protoss 

Build Orders: Nexus First, Oracle Opening 

Get SALT Encoding   

  12  0:01  Probe (Chrono Boost)  
  13  0:11  Probe (Chrono Boost)  
  14  0:19  Pylon  
  14  0:22  Probe (Chrono Boost)  
  15  0:37  Probe (Chrono Boost)  
  16  0:48  Probe (Chrono Boost)  
  17  0:58  Nexus  
  17  1:02  Probe (Chrono Boost)  
  18  1:12  Gateway  
  18  1:16  Assimilator  
  18  1:21  Probe (Chrono Boost)  
  19  1:31  Probe (Chrono Boost)  
  20  1:34  Assimilator  
  20  1:43  Probe (Chrono Boost)  
  21  1:47  Pylon  
  22  1:54  Probe (Chrono Boost)  
  22  1:59  Cybernetics Core  
  22  2:05  Zealot, Probe (Chrono Boost)  
  25  2:10  Probe (Chrono Boost)  
  25  2:15  Probe (Chrono Boost)  
  27  2:21  Probe (Chrono Boost)  
  28  2:26  Probe (Chrono Boost), Pylon  
  28  2:29  Pylon  
  29  2:33  Probe (Chrono Boost)  
  29  2:37  Mothership Core (Chrono Boost)  
  32  2:45  Probe (Chrono Boost)  
  32  2:46  Adept  
  35  2:55  Probe x2 (Chrono Boost)  
  37  3:00  Stargate  
  38  3:06  Probe x2 (Chrono Boost), Warp Gate  
  38  3:09  Assimilator  
  39  3:16  Probe (Chrono Boost)  
  39  3:18  Probe (Chrono Boost)  
  41  3:22  Pylon  
  42  3:27  Probe (Chrono Boost)  
  42  3:30  Probe (Chrono Boost)  
  43  3:35  Pylon, Assimilator, Sentry  
  43  3:37  Probe (Chrono Boost)  
  43  3:39  Oracle  
  47  3:42  Probe (Chrono Boost)  
  47  3:48  Probe (Chrono Boost)  
  51  3:52  Pylon  
  51  3:54  Probe (Chrono Boost)  
  52  3:58  Probe (Chrono Boost)  
  52  4:02  Pylon  
  53  4:06  Probe (Chrono Boost)  
  53  4:09  Probe (Chrono Boost)  
  55  4:16  Nexus  
  55  4:19  Probe x2 (Chrono Boost)  
  57  4:27  Phoenix  
  57  4:30  Probe (Chrono Boost)  
  57  4:31  Probe (Chrono Boost)  
  61  4:35  Gateway  
  61  4:36  Pylon  
  61  4:44  Probe (Chrono Boost)  
  61  4:45  Probe (Chrono Boost)  
  63  4:49  Phoenix  
  65  4:54  Probe (Chrono Boost)  
  65  4:56  Robotics Facility  
  65  4:58  Pylon  
  65  4:59  Probe (Chrono Boost), Pylon  
  67  5:02  Pylon  
  67  5:12  Sentry  
  69  5:18  Probe (Chrono Boost)  
  69  5:19  Probe (Chrono Boost)  
  72  5:28  Probe (Chrono Boost)  
  72  5:31  Probe (Chrono Boost)  
  72  5:34  Forge  
  72  5:35  Pylon, Forge  
  73  5:36  Twilight Council  
  73  5:39  Probe x2 (Chrono Boost)  
  76  5:43  Probe (Chrono Boost), Assimilator  
  76  5:48  Assimilator  
  77  5:50  Probe x2 (Chrono Boost)  
  77  5:53  Observer  
  77  5:55  Probe (Chrono Boost)  
  80  6:00  Probe (Chrono Boost)  
  80  6:01  Robotics Bay  
  80  6:02  Probe (Chrono Boost)  
  82  6:05  Probe (Chrono Boost)  
  84  6:11  Probe (Chrono Boost)  
  84  6:14  Probe (Chrono Boost)  
  74  6:19  Zealot x2  
Tags
 
Add a new tag
Caveats
  • Supply blocks, unpowered buildings, or Contaminate may cause inaccurate times.
  • Supply counts are checked every 10 seconds.